cohdb
Replays
Latest Replays
All Replays
Popular Replays
Top Player Replays
Match Explorer
How It Works
Community
CoH3 Stats
Reddit
Sign in to upload your games and track your stats! →
Sign in with Steam
Match 41473618
Unlisted
Match 41473618
Overview
Messages
Build Orders
End
Scout Squad
Construct Weapon Support Center
M1919 Machine Gun Team
M1919 Machine Gun Team
Bazooka Squad
Mechanized Support Center
Selects Heavy Weapons
Engineer Squad
M3 Armored Personnel Carrier
Construct Medical Station
Selects Assault Carriers
Selects Exchangeable Parts
Bazooka Squad
M1919 Machine Gun Team
Construct Motor Pool
Selects M2HB .50cal Heavy Machine Gun
只愛❤毛妹
( _ )
0
0
Comments
sign in to comment!
No comments posted yet!